 Dungeon Crawl Stone Soup version 0.31-a0-1424-g2add1c7226 (webtiles) character file.

Game seed: 7785271993336135549

593014 whatisthis the Slayer (level 27, -6/245 HPs)
             Began as a Human Berserker on Dec 26, 2023.
             Was an Elder of Trog.
             Mangled by an Orb Guardian (15 damage)
             ... on level 5 of the Realm of Zot.
             The game lasted 05:32:07 (67560 turns).

whatisthis the Slayer (Human Berserker)            Turns: 67560, Time: 05:32:08

Health: -6/245     AC: 46    Str: 29    XL:     27
Magic:  23/23      EV:  7    Int:  9    God:    Trog [****..]
Gold:   1978       SH: 23    Dex: 12    Spells: 26/26 levels left

rFire   + + .        a - +9 broad axe (heavy)
rCold   + + +        A - +1 tower shield {AC+3}
rNeg    . . .        U - +2 gold dragon scales
rPois   +            X - +2 hat {Will+}
rElec   +            J - +2 cloak
rCorr   +            j - +2 pair of gloves
SInv    .            v - +2 pair of boots
Will    ++++.        x - amulet of regeneration Stlth
                     B - ring "Sagg" {rF+ rC+ Will+}
HPRegen 1.40/turn    o - +4 ring of protection
MPRegen 0.18/turn

%: clarity
@: silenced (expiring), resistant, on berserk cooldown, fragile (+50% incoming
damage), hasted and slowed, studying 2 skills
A: explore regen, talons 1, clarity, clumsy 1, screaming 1, no potion heal 1,
heat vulnerability 1, subdued magic 1, inability to drink after injury 1,
MP-powered wands
}: 3/15 runes: decaying, serpentine, silver
a: Renounce Religion


You were on level 5 of the Realm of Zot.
You worshipped Trog.
Trog was greatly pleased with you.
You visited 9 branches of the dungeon, and saw 45 of its levels.
You visited the Abyss 1 time.
You also visited: Bailey.

You collected 6423 gold pieces.
You spent 4445 gold pieces at shops.

Inventory:

Hand Weapons
 a - a +9 heavy broad axe (weapon)
 b - the +3 broad axe of Veduahim {flame, *Rage Will+ rCorr Dex+2}
   (You took it off a spriggan defender on level 2 of the Depths)

   Dex+2:     It affects your dexterity (+2).
   Will+:     It increases your willpower.
   *Rage:     It berserks you when you make melee attacks (+20% chance).
   rCorr:     It protects you from acid and corrosion.
 H - a +0 mace
 Y - a +3 antimagic broad axe
Missiles
 f - 7 curare-tipped darts (quivered)
 y - 14 poisoned darts
 W - 14 javelins
Armour
 j - a +2 pair of gloves (worn)
 s - a +1 kite shield of reflection
 v - a +2 pair of boots (worn)
 A - a +1 tower shield of protection (worn)
 I - the +2 buckler of the Akabeko {Fly Int-3 Dex-4 Slay+5}
   (You found it on level 5 of the Dungeon)

   Int-3:     It affects your intelligence (-3).
   Dex-4:     It affects your dexterity (-4).
   Slay+5:    It affects your accuracy & damage with ranged weapons and melee
   (+5).
   Fly:       It grants you flight.
 J - a +2 cloak (worn)
 U - +2 gold dragon scales (worn)
 X - a +2 hat of willpower (worn)
Jewellery
 d - a ring of see invisible
 n - a +6 ring of strength
 o - a +4 ring of protection (right hand)
 x - an amulet of regeneration (around neck)
 B - the ring "Sagg" (left hand) {rF+ rC+ Will+}
   (You bought it in a shop on level 4 of the Depths)

   [ring of willpower]

   rF+:       It protects you from fire.
   rC+:       It protects you from cold.
   Will+:     It increases your willpower.
 E - a ring of protection from fire
 R - an amulet of the acrobat
Wands
 m - a wand of digging (4)
 D - a wand of iceblast (11)
 F - a wand of polymorph (42)
 N - a wand of flame (42)
 O - a wand of quicksilver (27)
 V - a wand of charming (42)
 Z - a wand of mindburst (16)
Scrolls
 c - 4 scrolls of silence
 e - 19 scrolls of teleportation
 h - 2 scrolls of butterflies
 l - 3 scrolls of torment
 p - 11 scrolls of poison
 r - 4 scrolls of blinking
 u - 9 scrolls of vulnerability
 w - 7 scrolls of revelation
 C - 2 scrolls of fear
 L - 4 scrolls of immolation
 M - 2 scrolls of fog
Potions
 g - 2 potions of resistance
 i - 5 potions of invisibility
 k - 12 potions of ambrosia
 q - 9 potions of attraction
 z - 6 potions of lignification
 G - 2 potions of cancellation
 K - 10 potions of curing
 P - 8 potions of might
 Q - 7 potions of mutation
 S - 9 potions of haste
 T - 5 potions of magic


   Skills:
 + Level 26.1 Fighting
 - Level 18.6 Axes
 + Level 19.9 Throwing
 + Level 20.8 Armour
 - Level 2.0 Dodging
 - Level 5.2 Stealth
 - Level 22.6 Shields
 - Level 5.0 Evocations


You had 26 spell levels left.
You didn't know any spells.
Your spell library was empty.

Dungeon Overview and Level Annotations

Branches:
Dungeon (15/15)            Temple (0/1) D:6            Lair (5/5) D:9
  Swamp (4/4) Lair:2        Snake (4/4) Lair:3        Slime (0/5) Lair:4
    Orc (2/2) D:10            Elf (1/3) Orc:2        Vaults (5/5) D:13
  Crypt (0/3) Vaults:3     Depths (4/4) D:15            Zot (5/5) Depths:4
 Bailey (visited)

Altars:
Cheibriados
Elyvilon
Gozag
Makhleb
Qazlal
Ru
Sif Muna
Trog
Uskayaw
Vehumet
Wu Jian
Xom
Yredelemnul
The Shining One

Shops:
D:3 ?(=!   D:10 *   D:13 (   Orc:2 :[[=:   Vaults:1 (   Vaults:3 ?   Depths:1 *
Depths:3 [:   Depths:4 =

Portals:
Hell: Depths:1 Depths:2 Depths:3 Depths:4
Abyss: Depths:3
Pandemonium: Depths:1 Depths:2
Ziggurat: Depths:4

Annotations:
Swamp:1 3 runed translucent doors, Laraso's ghost, adept OnCA; SevenDeadlySins's ghost, adept MfSh; xnavy's ghost, adept OnRe
Vaults:3 36 runed doors
Depths:1 2 transporters, exclusion: 2 doors, Oxzi's ghost, adept DEHW


Innate Abilities, Weirdness & Mutations

You regain HP and MP as you explore.
You have sharp toenails.
You possess an exceptional clarity of mind.
You are clumsy. (Dex -2)
You occasionally shout uncontrollably at your foes.
Potions are less effective at restoring your health.
You are vulnerable to heat. (rF-)
Your spells are a little easier to cast, but a little less powerful.
You occasionally lose the ability to drink potions when taking damage.
You expend magic power (3 MP) to strengthen your wands.


Message History

The satyr radiates an aura of fear!
You are unaffected.
You feel yourself speed up.
The aspiring flesh shapes itself into a furious goliath frog!
You block the Orb Guardian's attack. The Killer Klown pies you viciously!
The klown pie hits you!!
Blueberry!
An unnatural silence engulfs you.
* * * LOW HITPOINT WARNING * * *
The satyr barely misses you. You block the Orb Guardian's attack.
You block the satyr's attack.
The Orb Guardian hits you but does no damage.
Unknown command.
Magic scrolls do not work when you're silenced!
Magic scrolls do not work when you're silenced!
Okay, then.
Your system partially rejects the healing.
You feel much better.
The aspiring flesh shapes itself into a furious goliath frog!
The satyr hits you but does no damage.
The Killer Klown blinks!
You block the Orb Guardian's attack. The satyr hits you!
* * * LOW HITPOINT WARNING * * *
Okay, then.
Magic scrolls do not work when you're silenced!
You feel protected. You block the goliath frog's attack. The satyr hits you.
* * * LOW HITPOINT WARNING * * *
The Orb Guardian hits you!
* * * LOW HITPOINT WARNING * * *
A storm dragon comes into view.
You block the goliath frog's attack.
The goliath frog hits you but does no damage.
Magic scrolls do not work when you're silenced!
Okay, then.
Okay, then.
Magic scrolls do not work when you're silenced!
Unknown command.
Your system partially rejects the healing.
You feel better.
The goliath frog hits you but does no damage.
The satyr hits you but does no damage. The Orb Guardian hits you!
You die...

..## #....................*
..# #....................*
..## #......^.............*
...# #......(.............*
...## #.................^.^*
....###....^...............*
##..)###.......F.F........#*
##....##......Xc........##
###...........@§......##
#▓▓▓▓▓▓▓▓▓▓▓##Dp..8▓▓
▓▓▓▓.......X.......▓▓
##▓...................▓▓
##......................▓* *
#[.........X.............*
**▓.........X..............*
.*▓.^..............^......▓*
..▓...................^..▓▓


You could see a Killer Klown, a storm dragon, an Orb Guardian, a satyr (fast,
strong) and 2 goliath frogs.

Vanquished Creatures
  4 orbs of fire
  4 dread liches
  3 ancient liches
  3 juggernauts
  Xtahua (Vaults:4)
  the Lernaean hydra (Swamp:4)
  5 Killer Klowns
  2 curse toes
  2 caustic shrikes
  9 golden dragons
  A bone dragon (Depths:4)
  2 electric golems (Zot:5)
  18 tentacled monstrosities
  Jorgrun (Snake:2)
  2 walking earthen tomes (Depths:2)
  A lich (Vaults:5)
  6 titans
  22 Orb Guardians
  A walking frostbound tome (Depths:2)
  6 quicksilver dragons
  6 sphinxes
  Gastronok (Lair:1)
  13 death cobs
  13 storm dragons
  A tentacled starspawn (Abyss:1)
  Agnes (Lair:3)
  8 tengu reavers
  9 shadow dragons
  A thorn hunter (Swamp:2)
  Aizul (Swamp:4)
  11 protean progenitors
  3 nagarajas (Snake:4)
  5 fire giants
  6 draconian knights
  2 iron dragons
  6 draconian shifters
  8 frost giants
  A deep elf sorcerer (Vaults:5)
  A balrug (Depths:3)
  11 draconian monks
  20 vault wardens
  3 draconian scorchers
  3 draconian stormcallers
  3 draconian annihilators
  17 very ugly things
  2 formless jellyfish
  3 ghost moths
  A caustic shrike skeleton (Depths:3)
  4 spriggan defenders
  2 broodmothers (Zot:3)
  22 ironbound preservers
  3 vampire knights
  28 stone giants
  7 ironbound thunderhulks
  5 black draconians
  3 deep elf demonologists (Vaults:5)
  4 eleionomae
  4 bunyips
  16 green draconians
  9 spark wasps
  8 dire elephants
  14 white draconians
  2 war gargoyles
  10 purple draconians
  8 red draconians
  5 yellow draconians
  A crystal guardian (Vaults:3)
  An eidolon (Vaults:3)
  18 ettins
  4 fire dragons
  4 entropy weavers
  2 deep elf high priests (Vaults:5)
  A shambling mangrove (Swamp:3)
  11 yaktaur captains
  3 rakshasas
  Fannar (Lair:2)
  9 ice dragons
  6 great orbs of eyes
  43 vault guards
  8 centaur warriors
  23 hydras
  5 peacekeepers
  2 jorogumos (Zot:4)
  2 radroaches (Zot:1)
  3 spriggan air magi
  A spriggan skeleton (Depths:3)
  4 salamander tyrants
  9 anacondas
  3 ogre magi
  Erica (Orc:1)
  8 ironbound frosthearts
  A ghost crab (Swamp:3)
  A sphinx zombie (D:15)
  10 alligators
  3 tengu warriors (D:13)
  11 naga warriors
  2 catoblepae
  7 boulder beetles
  16 two-headed ogres
  7 deep troll shamans
  A satyr (Zot:5)
  A sphinx skeleton (D:15)
  2 dancing weapons (Elf:1)
  2 thrashing horrors (Abyss:1)
  10 death yaks
  4 spriggan berserkers
  An occultist (Depths:2)
  4 deep troll earth magi
  2 hell knights (Depths:2)
  18 naga sharpshooters
  3 sun demons
  2 orc high priests
  A soul eater (Abyss:1)
  13 shock serpents
  Amaemon (Lair:3)
  A wretched star (Abyss:1)
  4 iron trolls (Depths:3)
  4 skysharks
  6 goliath frogs
  2 skeletal warriors (D:15)
  2 spark wasp zombies
  A quicksilver dragon simulacrum (Depths:2)
  3 glowing orange brains
  12 salamander mystics
  5 spriggan druids
  A death drake (shapeshifter) (Vaults:5)
  2 flayed ghosts
  61 deep trolls
  21 ironbound convokers
  15 swamp dragons
  2 deep elf archers (Elf:1)
  3 arcanists
  6 bog bodies
  4 lindwurms
  7 phantasmal warriors
  5 orc knights
  7 naga ritualists
  10 deep elf pyromancers
  An anaconda skeleton (Abyss:1)
  8 necromancers
  2 large abominations (Abyss:1)
  A wolf spider (D:14)
  2 harpies
  14 mana vipers
  8 deep elf zephyrmancers (Elf:1)
  5 manticores
  A worldbinder (Abyss:1)
  A frost giant zombie (Depths:2)
  13 ugly things
  An elf skeleton (Vaults:4)
  3 shining eyes (Zot:1)
  4 cyclopes
  24 salamanders
  A human zombie (Vaults:4)
  An iron dragon zombie (Vaults:4)
  27 moths of wrath
  30 naga magi
  A moth of wrath (shapeshifter) (Vaults:5)
  2 orc sorcerers (Orc:2)
  A shining eye (shapeshifter) (Depths:3)
  19 elephants
  7 guardian serpents
  A meliai (Lair:4)
  A will-o-the-wisp (Swamp:4)
  12 vault sentinels
  23 black mambas
  An orange demon (Lair:3)
  A water nymph (shapeshifter) (Vaults:5)
  3 molten gargoyles
  A gargoyle (D:13)
  An eye of devastation (shapeshifter) (Vaults:5)
  2 unseen horrors (D:12)
  4 smoke demons (Abyss:1)
  4 rime drakes
  9 cane toads
  A freezing wraith (Vaults:5)
  35 yaktaurs
  6 komodo dragons
  An ancient zyme (Abyss:1)
  3 tengu conjurers
  11 tyrant leeches
  13 trolls
  2 polar bears
  A merfolk (shapeshifter) (Vaults:5)
  14 hornets
  A raiju (shapeshifter) (D:14)
  A queen bee (D:11)
  Grinder (D:3)
  2 ettin zombies
  18 blink frogs
  2 human skeletons (Vaults:4)
  A dream sheep (shapeshifter) (Depths:4)
  6 dream sheep (Lair:4)
  Sigmund (D:3)
  A snapping turtle (shapeshifter) (Vaults:5)
  2 jumping spiders
  A ynoxinul (Abyss:1)
  26 slime creatures
  3 air elementals
  A deep troll skeleton (Vaults:4)
  2 wraiths
  14 spriggans
  A spriggan (shapeshifter) (D:14)
  11 wyverns
  A fire bat (D:8)
  4 wargs
  70 yaks
  5 small abominations (Abyss:1)
  5 basilisks
  5 steam dragons
  3 redbacks
  4 vampire mosquitoes (D:14)
  16 swamp worms
  A swamp worm (shapeshifter) (Depths:2)
  3 acid dragons
  75 nagas
  17 water moccasins
  4 hell hounds (Lair:5)
  27 orc warriors
  3 black bears
  3 ice beasts
  3 sky beasts
  11 swamp drakes
  22 ogres
  8 centaurs
  25 wolves
  5 kobold brigands
  6 bullfrogs
  A scorpion (D:5)
  2 gnoll sergeants
  A glowing shapeshifter simulacrum (Vaults:4)
  10 wights
  31 killer bees
  2 howler monkeys
  5 lava snakes (Lair:5)
  A bombardier beetle (D:4)
  2 gnoll boudas
  5 hounds
  17 orc priests
  4 iron imps
  Jessica (D:3)
  2 iguanas (D:5)
  2 sleepcaps
  29 orc wizards
  13 adders
  35 gnolls
  A shadow imp (D:7)
  2 white imps
  3 dart slugs
  105 orcs
  5 ball pythons
  6 endoplasms
  2 giant cockroaches
  9 goblins
  8 hobgoblins
  7 jackals
  A quokka (D:1)
  3 bats (D:1)
  A frilled lizard (D:1)
  23 kobolds
  5 rats
  An aspiring flesh (Zot:1)
  2 spectral weapons (Vaults:1)
1983 creatures vanquished.

Vanquished Creatures (collateral kills)
  2 tentacled monstrosities (Zot:3)
  An ancient champion (Vaults:3)
  An ironbound preserver (Vaults:4)
  An ironbound thunderhulk (Vaults:2)
  A fire dragon (Lair:5)
  2 hydras (Swamp:4)
  A vault guard (Vaults:3)
  An ironbound frostheart (Vaults:4)
  Urug (Lair:3)
  A deep elf knight (Elf:1)
  4 deep trolls
  2 goliath frogs (Swamp:2)
  A swamp dragon (Swamp:2)
  5 deep elf zephyrmancers (Elf:1)
  2 deep elf pyromancers (Elf:1)
  An ugly thing (Vaults:1)
  An elephant (Lair:5)
  A black mamba (Lair:4)
  A naga mage (Snake:2)
  5 yaktaurs
  A tyrant leech (Swamp:2)
  A hornet (Swamp:2)
  2 spriggans (Swamp:2)
  5 yaks (Lair:3)
  2 wights (D:10)
46 creatures vanquished.

Vanquished Creatures (others)
  Asterion (Vaults:1)
  A naga mage (Snake:3)
  4 bloated husks
  A wight (D:10)
  An orc (Orc:2)
  2 foxfires (Swamp:4)
  A lurking horror (Abyss:1)
  2 starspawn tentacles (Abyss:1)
13 creatures vanquished.

Grand Total: 2042 creatures vanquished

Notes
Turn   | Place    | Note
-------+----------+-------------------------------------------
     0 | D:1      | whatisthis the Human Berserker began the quest for the Orb.
     0 | D:1      | Reached XP level 1. HP: 18/18 MP: 1/1
   120 | D:1      | Reached XP level 2. HP: 23/24 MP: 2/2
   420 | D:1      | Reached XP level 3. HP: 29/29 MP: 3/3
   823 | D:2      | Reached ** piety under Trog
  1032 | D:2      | Reached XP level 4. HP: 32/37 MP: 4/4
  1276 | D:3      | Found Oxzas's Magic Scroll Emporium.
  1342 | D:3      | Noticed Grinder
  1371 | D:3      | Paralysed by Grinder for 4 turns
  1405 | D:3      | Paralysed by Grinder for 4 turns
  1415 | D:3      | Paralysed by Grinder for 2 turns
  1427 | D:3      | Killed Grinder
  1428 | D:3      | Reached skill level 4 in Fighting
  1428 | D:3      | Reached XP level 5. HP: 18/43 MP: 5/5
  1428 | D:3      | Reached XP level 6. HP: 21/49 MP: 6/6
  1589 | D:3      | Found Dyeghaet's Weapon Boutique.
  1651 | D:3      | Found Yfetoeso's Jewellery Emporium.
  1843 | D:3      | Noticed Sigmund
  1857 | D:3      | Killed Sigmund
  1858 | D:3      | Reached skill level 5 in Fighting
  1858 | D:3      | Reached skill level 5 in Axes
  1858 | D:3      | Reached XP level 7. HP: 56/56 MP: 7/7
  1901 | D:3      | Found Myry's Distillery.
  1987 | D:3      | Noticed Jessica
  2007 | D:3      | Killed Jessica
  2546 | D:4      | Reached skill level 5 in Armour
  3079 | D:5      | Entered Level 5 of the Dungeon
  3102 | D:5      | Reached skill level 6 in Fighting
  3102 | D:5      | Reached XP level 8. HP: 49/64 MP: 8/8
  3786 | D:5      | Identified the +2 buckler of the Akabeko {Fly Int-3 Dex-4
                  | Slay+5}
  4244 | D:6      | Found a staircase to the Ecumenical Temple.
  4277 | D:6      | Found a glowing golden altar of the Shining One.
  4369 | D:6      | Reached skill level 7 in Fighting
  4496 | D:6      | Found a white marble altar of Elyvilon.
  4612 | D:6      | Reached XP level 9. HP: 72/72 MP: 9/9
  5177 | D:7      | Found an ornate altar of the Wu Jian Council.
  5232 | D:7      | Reached *** piety under Trog
  5327 | D:7      | Found a burning altar of Makhleb.
  5587 | D:7      | Reached skill level 8 in Fighting
  5877 | D:7      | Found a bloodstained altar of Trog.
  5898 | D:7      | Found an opulent altar of Gozag.
  6212 | D:8      | Found a radiant altar of Vehumet.
  6350 | D:8      | Reached **** piety under Trog
  6386 | D:8      | Found a flagged portal.
  6462 | Bailey   | Entered a bailey
  6567 | Bailey   | Reached XP level 10. HP: 77/78 MP: 10/10
  6639 | Bailey   | Noticed an orc knight
  6655 | Bailey   | Killed an orc knight
  6656 | Bailey   | Reached skill level 9 in Fighting
  6873 | D:8      | Found a shimmering altar of Xom.
  7579 | D:9      | Reached ***** piety under Trog
  7787 | D:9      | Found a staircase to the Lair.
  7796 | D:9      | Received a gift from Trog
  7819 | D:9      | Noticed a two-headed ogre
  7825 | D:9      | Paralysed by a hornet for 3 turns
  7831 | D:9      | Killed a two-headed ogre
  7832 | D:9      | Reached skill level 10 in Fighting
  7875 | D:9      | Reached XP level 11. HP: 90/90 MP: 11/11
  7900 | D:9      | Reached skill level 10 in Axes
  8308 | D:9      | Reached skill level 10 in Armour
  8427 | D:9      | Found a snail-covered altar of Cheibriados.
  8569 | D:10     | Entered Level 10 of the Dungeon
  8569 | D:10     | Noticed a two-headed ogre
  8569 | D:10     | Found a staircase to the Orcish Mines.
  8569 | D:10     | Found a shimmering blue altar of Sif Muna.
  8575 | D:9      | Killed a two-headed ogre
  8865 | D:10     | Reached skill level 11 in Fighting
  9151 | D:10     | Found a hide-covered altar of Uskayaw.
  9293 | D:10     | Found Socw's Assorted Antiques.
  9461 | D:10     | Found a sacrificial altar of Ru.
  9683 | D:10     | Bought a scroll of identify for 74 gold pieces
  9782 | D:10     | Reached XP level 12. HP: 56/100 MP: 12/12
 10447 | D:11     | You are sucked into a shaft and drop 3 floors!
 10448 | D:14     | Noticed a centaur warrior
 10580 | D:12     | Noticed a two-headed ogre
 10593 | D:12     | Killed a two-headed ogre
 10594 | D:12     | Reached skill level 12 in Fighting
 11243 | D:12     | Identified the +0 leather armour of the Trombone {Will-
                  | Str+3 Int+3}
 11673 | D:13     | Noticed a two-headed ogre
 11691 | D:13     | Killed a two-headed ogre
 11796 | D:13     | Noticed an eight-headed hydra
 11807 | D:13     | Killed an eight-headed hydra
 12010 | D:13     | Found Kem Foy's Antique Weapon Shop.
 12251 | D:13     | Noticed a boulder beetle
 12264 | D:13     | Killed a boulder beetle
 12265 | D:13     | Reached XP level 13. HP: 104/109 MP: 13/13
 12310 | D:13     | Found a gate to the Vaults.
 12310 | D:13     | Noticed a vault guard
 12310 | D:13     | Noticed a vault guard
 12310 | D:13     | Noticed a vault guard
 12310 | D:13     | Noticed a vault guard
 12386 | Lair:1   | Entered Level 1 of the Lair of Beasts
 12397 | Lair:1   | Noticed Gastronok
 12428 | Lair:1   | Killed Gastronok
 13400 | Lair:2   | Noticed Fannar
 13406 | Lair:2   | Killed Fannar
 13407 | Lair:2   | Reached skill level 15 in Axes
 13534 | Lair:2   | Found a staircase to the Swamp.
 13759 | Lair:2   | Reached skill level 1 in Shields
 14498 | Lair:3   | Noticed Amaemon
 14505 | Lair:3   | Killed Amaemon
 14519 | Lair:3   | Noticed Urug
 14524 | Lair:3   | Killed Urug
 14531 | Lair:3   | Received a gift from Trog
 14534 | Lair:3   | Reached skill level 13 in Fighting
 14534 | Lair:3   | Reached skill level 1 in Throwing
 14575 | Lair:3   | Reached XP level 14. HP: 118/118 MP: 14/14
 14962 | Lair:3   | Found a staircase to the Snake Pit.
 15749 | Lair:4   | Noticed Sonja
 15767 | Abyss:1  | Cast into level 1 of the Abyss (Sonja)
 15783 | Abyss:1  | Noticed a lich
 15848 | Abyss:1  | Reached skill level 14 in Fighting
 15897 | Abyss:1  | Found a corrupted altar of Lugonu.
 15901 | Abyss:1  | Found a corrupted altar of Lugonu.
 15901 | Abyss:1  | Found a corrupted altar of Lugonu.
 16111 | Abyss:1  | Noticed a tentacled starspawn
 16116 | Abyss:1  | Killed a tentacled starspawn
 16121 | Lair:4   | Escaped the Abyss
 16631 | Lair:4   | Sonja changed into Sonja the meliai
 16631 | Lair:4   | Noticed Sonja
 16636 | Lair:4   | Killed Sonja the meliai
 17067 | Lair:4   | Found a staircase to the Slime Pits.
 17192 | Lair:4   | Upgraded the game from 0.31-a0-1405-g2bb1a01664 to
                  | 0.31-a0-1424-g2add1c7226
 17495 | Lair:5   | Entered Level 5 of the Lair of Beasts
 17620 | Lair:5   | Reached skill level 15 in Fighting
 17824 | Lair:4   | Reached XP level 15. HP: 129/129 MP: 15/15
 19409 | Lair:5   | Reached skill level 16 in Fighting
 19930 | Lair:5   | Found a large runed translucent door.
 19948 | Lair:5   | Found a large runed translucent door.
 21311 | D:14     | Found a stormy altar of Qazlal.
 21378 | D:14     | Identified the +0 hand axe of Zuypuiph {venom, Str+3}
 21652 | D:14     | Found a hide-covered altar of Uskayaw.
 21877 | D:14     | Reached XP level 16. HP: 131/139 MP: 16/16
 22055 | D:15     | Entered Level 15 of the Dungeon
 22061 | D:15     | Found a staircase to the Depths.
 22130 | D:15     | Identified the +2 arbalest of the Seven Youths {drain, rC+
                  | Str+4}
 22302 | D:15     | Reached skill level 5 in Shields
 22751 | D:15     | Found an ornate altar of the Wu Jian Council.
 23171 | Orc:1    | Entered Level 1 of the Orcish Mines
 23288 | Orc:2    | Entered Level 2 of the Orcish Mines
 23312 | Orc:1    | Reached skill level 5 in Throwing
 23574 | Orc:1    | Noticed Erica
 23587 | Orc:1    | Killed Erica
 23588 | Orc:1    | Reached skill level 17 in Fighting
 23753 | Orc:2    | Found Pyssetau's Book Boutique.
 23753 | Orc:2    | Found a staircase to the Elven Halls.
 24686 | Orc:2    | Received a gift from Trog
 24735 | Orc:2    | Found Zonuts's Jewellery Emporium.
 24741 | Orc:2    | Found Oduvyas's Antique Armour Boutique.
 24741 | Orc:2    | Found Ylorikh's Book Boutique.
 24840 | Orc:2    | Found Boomat's Armour Shop.
 25477 | Elf:1    | Entered Level 1 of the Elven Halls
 25480 | Elf:1    | Paralysed by an air elemental for 1 turns
 25492 | Elf:1    | Paralysed by an air elemental for 1 turns
 25498 | Orc:2    | Paralysed by an air elemental for 1 turns
 26098 | Elf:1    | HP: 2/141 [deep elf pyromancer/bolt of fire (15)]
 27092 | Elf:1    | Reached XP level 17. HP: 131/149 MP: 17/17
 27694 | Swamp:1  | Entered Level 1 of the Swamp
 28025 | Orc:2    | Bought a +1 pair of boots for 161 gold pieces
 28041 | Orc:2    | Bought a runed chain mail for 255 gold pieces
 28234 | D:3      | Bought an amulet of regeneration for 360 gold pieces
 28466 | Swamp:1  | Found a runed translucent gate.
 28466 | Swamp:1  | Found a runed translucent gate.
 28466 | Swamp:1  | Found a runed translucent gate.
 28540 | Swamp:1  | Noticed xnavy's ghost (adept OnRe)
 28540 | Swamp:1  | Noticed SevenDeadlySins's ghost (adept MfSh)
 28540 | Swamp:1  | Noticed Laraso's ghost (adept OnCA)
 28613 | Swamp:1  | Received a gift from Trog
 28693 | Swamp:1  | Reached skill level 18 in Fighting
 29114 | Swamp:2  | Reached skill level 1 in Evocations
 29533 | Swamp:2  | HP: 6/225 [spriggan rider/+0 spear[a spriggan druid] (9)]
 30316 | Swamp:3  | Reached skill level 10 in Shields
 30627 | Swamp:4  | Entered Level 4 of the Swamp
 31026 | Swamp:4  | Reached skill level 5 in Evocations
 31550 | Swamp:4  | Reached XP level 18. HP: 153/159 MP: 18/18
 31596 | Swamp:4  | Found a basalt altar of Yredelemnul.
 31824 | Swamp:4  | Reached skill level 19 in Fighting
 31894 | Swamp:4  | Noticed the 27-headed Lernaean hydra
 32378 | Swamp:4  | Got a decaying rune of Zot
 32442 | Swamp:4  | Identified the serpent talisman of Nypukyib {rElec Will+}
 32442 | Swamp:4  | Noticed Aizul
 32450 | Swamp:4  | Killed the 27-headed Lernaean hydra
 32462 | Swamp:4  | Killed Aizul
 32463 | Swamp:4  | HP: 7/160 [poisoned by Aizul (bolt of poison)]
 33305 | Snake:1  | Entered Level 1 of the Snake Pit
 33358 | Snake:1  | Noticed Agnes
 33367 | Lair:3   | Killed Agnes
 34443 | Snake:2  | HP: 4/156 [salamander tyrant (21)]
 35504 | Snake:3  | Noticed Jorgrun
 35540 | Snake:2  | Killed Jorgrun
 35888 | Snake:3  | Reached skill level 20 in Fighting
 35900 | Snake:3  | Reached XP level 19. HP: 128/169 MP: 19/19
 36894 | Snake:4  | Entered Level 4 of the Snake Pit
 37052 | Snake:4  | Received a gift from Trog
 38649 | Snake:4  | Received a gift from Trog
 38774 | Snake:4  | Reached skill level 21 in Fighting
 39032 | Snake:4  | Got a serpentine rune of Zot
 40005 | D:3      | Bought a scroll of identify for 26 gold pieces
 40005 | D:3      | Bought a scroll of enchant weapon for 97 gold pieces
 40005 | D:3      | Bought a scroll of silence for 123 gold pieces
 40005 | D:3      | Bought a scroll of teleportation for 39 gold pieces
 40005 | D:3      | Bought a scroll of revelation for 97 gold pieces
 40005 | D:3      | Bought a scroll of enchant armour for 97 gold pieces
 40074 | D:3      | Bought a potion of haste for 120 gold pieces
 40074 | D:3      | Bought a potion of haste for 120 gold pieces
 40074 | D:3      | Bought a potion of lignification for 36 gold pieces
 40074 | D:3      | Bought a potion of invisibility for 96 gold pieces
 40311 | Vaults:1 | Entered Level 1 of the Vaults
 40619 | D:13     | Reached skill level 15 in Shields
 40843 | Vaults:1 | Reached XP level 20. HP: 172/180 MP: 20/20
 40853 | Vaults:1 | Received a gift from Trog
 41180 | Vaults:1 | Noticed Asterion
 41200 | Vaults:1 | Killed Asterion
 41704 | Vaults:1 | Found Luras's Weapon Emporium.
 42222 | Vaults:2 | Identified the orb of Atiow {*Rage, rF- Hexes Fire Alchemy}
 42518 | Vaults:2 | Reached skill level 22 in Fighting
 42539 | Vaults:2 | Paralysed by a formless jellyfish for 1 turns
 43297 | Vaults:2 | Received a gift from Trog
 44088 | Vaults:3 | Found a staircase to the Crypt.
 44232 | Vaults:3 | Found a huge runed gate.
 44233 | Vaults:3 | Found a huge runed gate.
 44234 | Vaults:3 | Found a huge runed gate.
 44235 | Vaults:3 | Found a huge runed gate.
 44236 | Vaults:3 | Found Kyecoem's Magic Scroll Shoppe.
 44250 | Vaults:3 | Bought a scroll of fog for 64 gold pieces
 44250 | Vaults:3 | Bought a scroll of fear for 64 gold pieces
 44250 | Vaults:3 | Bought a scroll of butterflies for 64 gold pieces
 44250 | Vaults:3 | Bought a scroll of identify for 32 gold pieces
 44250 | Vaults:3 | Bought a scroll of blinking for 120 gold pieces
 44250 | Vaults:3 | Bought a scroll of teleportation for 48 gold pieces
 44266 | Vaults:3 | Found a huge runed gate.
 44266 | Vaults:3 | Found a huge runed gate.
 44268 | Vaults:3 | Found a huge runed gate.
 44268 | Vaults:3 | Found a huge runed gate.
 44269 | Vaults:3 | Found a huge runed gate.
 44315 | Vaults:3 | Found a huge runed gate.
 44315 | Vaults:3 | Found a huge runed gate.
 44315 | Vaults:3 | Found a huge runed gate.
 44315 | Vaults:3 | Found a huge runed gate.
 44315 | Vaults:3 | Found a huge runed gate.
 44316 | Vaults:3 | Found a huge runed gate.
 44317 | Vaults:3 | Found a huge runed gate.
 44318 | Vaults:3 | Found a huge runed gate.
 44319 | Vaults:3 | Found a huge runed gate.
 44378 | Vaults:3 | Reached XP level 21. HP: 188/189 MP: 21/21
 44697 | Vaults:3 | Received a gift from Trog
 44918 | Vaults:3 | Found a huge runed gate.
 44918 | Vaults:3 | Found a huge runed gate.
 44918 | Vaults:3 | Found a huge runed gate.
 44918 | Vaults:3 | Found a huge runed gate.
 44919 | Vaults:3 | Found a huge runed gate.
 44919 | Vaults:3 | Found a huge runed gate.
 44919 | Vaults:3 | Found a huge runed gate.
 44919 | Vaults:3 | Found a huge runed gate.
 44919 | Vaults:3 | Found a huge runed gate.
 44919 | Vaults:3 | Found a huge runed gate.
 44926 | Vaults:3 | Found a huge runed gate.
 44926 | Vaults:3 | Found a huge runed gate.
 44926 | Vaults:3 | Found a huge runed gate.
 44926 | Vaults:3 | Found a huge runed gate.
 44926 | Vaults:3 | Found a huge runed gate.
 44926 | Vaults:3 | Found a huge runed gate.
 44927 | Vaults:3 | Found a huge runed gate.
 44928 | Vaults:3 | Found a huge runed gate.
 46169 | Vaults:4 | Noticed Xtahua
 46194 | Vaults:4 | Killed Xtahua
 46300 | Vaults:4 | Paralysed by a formless jellyfish for 1 turns
 47472 | Depths:1 | Entered Level 1 of the Depths
 47623 | Depths:1 | Noticed a caustic shrike
 47660 | Depths:1 | Found Mushiol's Changing Room.
 47880 | Depths:1 | Reached XP level 22. HP: 97/192 MP: 22/22
 48049 | Depths:1 | Found a one-way gate leading to the halls of Pandemonium.
 48121 | Depths:1 | Found a gateway to Hell.
 48163 | Depths:1 | Identified the +1 great mace "Bimounk" {freeze, ^Fragile
                  | Fly Int+9}
 48164 | Depths:1 | Noticed Oxzi's ghost (adept DEHW)
 48164 | Depths:1 | Identified the +9 great mace of Vaxkasch {heavy, rC- rN+
                  | Will++ Stlth+}
 48166 | Depths:1 | Found a transporter.
 48170 | Depths:1 | Found a transporter.
 48181 | Depths:1 | Reached skill level 10 in Throwing
 48740 | Depths:2 | Noticed a juggernaut
 48749 | Depths:2 | Noticed a juggernaut
 48751 | Depths:2 | Killed a juggernaut
 48765 | Depths:2 | Killed a juggernaut
 49011 | Depths:2 | Noticed a caustic shrike
 49029 | Depths:1 | Killed a caustic shrike
 49186 | Depths:2 | Noticed a caustic shrike
 49196 | Depths:2 | Killed a caustic shrike
 49309 | Depths:2 | Paralysed by something for 2 turns
 50196 | Depths:2 | Identified the +3 broad axe of Veduahim {flame, *Rage Will+
                  | rCorr Dex+2}
 50740 | Depths:2 | Found a shimmering blue altar of Sif Muna.
 50972 | Depths:3 | Found Xaboshyov's Vocational Training.
 51017 | Depths:3 | Found Ibuskuh's Armour Boutique.
 51206 | Depths:3 | Reached skill level 15 in Throwing
 51466 | Depths:3 | Found the +7 great mace "Firestarter" {flame, immolate,
                  | rFlCloud rF++}
 51503 | Depths:3 | Identified the +8 spear "Demon's Nightmare" {protect, rPois
                  | rCorr Int-2 Dex+2}
 51573 | Depths:3 | Reached XP level 23. HP: 198/203 MP: 23/23
 51763 | Depths:3 | Found a one-way gate to the infinite horrors of the Abyss.
 52032 | Depths:4 | Entered Level 4 of the Depths
 52061 | Depths:4 | Noticed a juggernaut
 52125 | Depths:4 | Found a one-way gateway to a ziggurat.
 52169 | Depths:4 | Identified the +4 leather armour of Feoceid {rPois Will-
                  | Int+7 Dex+3}
 52224 | Depths:4 | Killed a juggernaut
 52401 | Depths:4 | Noticed a golden dragon
 52414 | Depths:4 | Killed a golden dragon
 52830 | Depths:4 | Identified a scroll of acquirement
 53143 | Depths:4 | Found Ruaff's Jewellery Shop.
 53160 | Depths:4 | Bought the ring "Sagg" {rF+ rC+ Will+} for 1058 gold pieces
 53360 | Depths:4 | Found a gate to the Realm of Zot.
 53679 | Depths:1 | Received a gift from Trog
 54463 | Vaults:5 | Entered Level 5 of the Vaults
 54507 | Vaults:5 | Reached skill level 15 in Armour
 54772 | Vaults:5 | Identified the +8 plate armour "Lozou" {rF++ Will+ Str+4
                  | Dex+2}
 54891 | Vaults:5 | Identified the +1 war axe of Gigenes {spect, *Slow Int+3
                  | SInv}
 55064 | Vaults:5 | Reached XP level 24. HP: 213/213 MP: 23/23
 55110 | Vaults:5 | Reached skill level 23 in Fighting
 55295 | Vaults:5 | Noticed a dread lich
 55315 | Vaults:5 | Killed a dread lich
 55345 | Vaults:5 | Identified the amulet of Knowledge {Spirit -Tele +Inv rC+
                  | rN+}
 55559 | Vaults:5 | Reached skill level 5 in Stealth
 55559 | Vaults:5 | Reached XP level 25. HP: 216/216 MP: 23/23
 55685 | Vaults:5 | Identified the +7 quarterstaff "Ranivenwua" {venom, rCorr}
 55692 | Vaults:5 | Got a silver rune of Zot
 55920 | Vaults:5 | Identified the +6 shortbow "Biehasum" {antimagic, rElec
                  | rC++ Stlth+}
 56240 | Vaults:5 | Identified the +8 plate armour of Vutih {Rampage rC- Dex+4
                  | SInv}
 56358 | Vaults:5 | Identified the +3 shortbow of Acraleseo {speed, rElec rPois
                  | Int-5 Dex+5}
 56849 | Vaults:5 | Acquired 1067 gold pieces
 57247 | D:10     | Bought a scroll of blinking for 277 gold pieces
 57247 | D:10     | Bought a potion of haste for 370 gold pieces
 57247 | D:10     | Bought a potion of haste for 370 gold pieces
 57247 | D:10     | Bought a scroll of blinking for 277 gold pieces
 57493 | Zot:1    | Entered Level 1 of the Realm of Zot
 57493 | Zot:1    | Noticed a Killer Klown
 57493 | Zot:1    | Noticed an ancient lich
 57513 | Zot:1    | Noticed a Killer Klown
 57537 | Depths:4 | Killed a Killer Klown
 57622 | Depths:4 | Killed a Killer Klown
 58284 | Zot:1    | Gained mutation: You occasionally lose the ability to read
                  | scrolls when taking damage. [a shining eye]
 58286 | Zot:1    | Gained mutation: Your health recovers twice as slowly from
                  | being drained. [a shining eye]
 58296 | Zot:1    | Killed an ancient lich
 58302 | Depths:4 | Lost mutation: You occasionally lose the ability to read
                  | scrolls when taking damage. [potion of mutation]
 58302 | Depths:4 | Lost mutation: Your health recovers twice as slowly from
                  | being drained. [potion of mutation]
 58302 | Depths:4 | Gained mutation: You possess an exceptional clarity of
                  | mind. [potion of mutation]
 58302 | Depths:4 | Gained mutation: Potions are less effective at restoring
                  | your health. [potion of mutation]
 58302 | Depths:4 | Gained mutation: You expend magic power (3 MP) to
                  | strengthen your wands. [potion of mutation]
 58302 | Depths:4 | Gained mutation: You have sharp toenails. [potion of
                  | mutation]
 59976 | Zot:2    | Reached skill level 24 in Fighting
 59991 | Zot:2    | Received a gift from Trog
 60280 | Zot:2    | Reached XP level 26. HP: 221/231 MP: 23/23
 61320 | Zot:2    | You fall into a shaft and drop 2 floors!
 61973 | Zot:3    | Noticed an orb of fire
 62392 | Zot:3    | Gained mutation: Your spells are a little easier to cast,
                  | but a little less powerful. [an orb of fire]
 62407 | Zot:3    | Killed an orb of fire
 63031 | Zot:4    | Identified the +8 hand axe "Nunur" {distort, Str+5}
 63187 | Zot:4    | Reached skill level 25 in Fighting
 64672 | Zot:5    | Entered Level 5 of the Realm of Zot
 65612 | Zot:5    | Reached XP level 27. HP: 225/242 MP: 23/23
 66164 | Zot:5    | Noticed a dread lich
 66216 | Zot:4    | Killed a dread lich
 66542 | Zot:5    | Noticed a dread lich
 66586 | Zot:4    | Killed a dread lich
 66654 | Zot:5    | Noticed an ancient lich
 66683 | Zot:4    | Killed an ancient lich
 66844 | Zot:5    | Noticed a dread lich
 66848 | Zot:5    | Noticed an orb of fire
 66878 | Zot:5    | Killed an orb of fire
 66880 | Zot:5    | HP: 2/244 [electric golem/bolt of lightning (22)]
 67083 | Zot:5    | Killed a dread lich
 67237 | Zot:5    | Noticed an ancient lich
 67253 | Zot:5    | Killed an ancient lich
 67532 | Zot:5    | Noticed an orb of fire
 67534 | Zot:5    | Reached skill level 26 in Fighting
 67534 | Zot:5    | Noticed an orb of fire
 67534 | Zot:5    | Gained mutation: You occasionally lose the ability to drink
                  | potions when taking damage. [an orb of fire]
 67536 | Zot:5    | Gained mutation: You occasionally shout uncontrollably at
                  | your foes. [an orb of fire]
 67542 | Zot:5    | Gained mutation: You are vulnerable to heat. (rF-) [an orb
                  | of fire]
 67543 | Zot:5    | Killed an orb of fire
 67546 | Zot:5    | Gained mutation: You are clumsy. (Dex -2) [an orb of fire]
 67550 | Zot:5    | Killed an orb of fire
 67559 | Zot:5    | HP: 5/245 [Orb Guardian (10)]
 67560 | Zot:5    | Mangled by an Orb Guardian

Illustrated notes

Levels and vault maps discovered:
D:1:      nzn_arrival_water_spiral, layout_rooms, minmay_misc_feat_more_columns
D:2:      layout_basic
D:3:      layout_loops_cross, serial_shops, shop, nicolae_square_shop,
          shop_fountains, nicolae_shop_advertising_works
          [nicolae_subvault_shop_adworks], nrook_mini_vaults,
          kennysheep_generic_room_4, uniq_grinder, uniq_jessica, uniq_sigmund
D:4:      layout_gridville
D:5:      layout_loops_cross, kennysheep_doodads
D:6:      layout_loops_cross, nicolae_elyvilon_peaceful_grove,
          lemuel_tele_altar, temple_hall
D:7:      layout_basic, demons_altar, lightli_temple_of_fire,
          mainiacjoe_overflow_concentric_impassable, grunt_gozag_statues
D:8:      layout_basic, vehumet_altar_wand_db, regret_index_xom_of_box,
          lightli_bailey_entry_fortress, grunt_ministairs_3, minmay_orc_keep
D:9:      layout_cave_pools, slow_altar_2, hellmonk_lair_entry_icy
D:10:     layout_long_grid, nicolae_ru_great_annihilating_truth,
          overflow_temple_1_default, mainiacjoe_overflow_paths,
          minmay_orc_entry_guard_dogs, serial_shops, nicolae_shop_crystal
D:11:     layout_roguey [special_room_bee]
D:12:     layout_roguey
D:13:     layout_loops_ring, lightli_vaults_fourway_checkpoint, serial_shops,
          nicolae_shop_crystal
D:14:     layout_cave_pools, nicolae_uskayaw_murder_on_the_dancefloor,
          minmay_statues_item, hangedman_decor_push,
          nicolae_qazlal_scattered_showers
D:15:     gammafunk_depths_entry_grave, layout_cave_pods,
          pdpol_wu_jian_five_deadly_venoms
Lair:1:   layout_hall_layers, minmay_hedge_maze, uniq_gastronok
Lair:2:   layout_big_grid, mainiacjoe_swamp_entry_lozenge_pond, st_stairs_8,
          grunt_forest_stairs_clearing, uniq_fannar
Lair:3:   layout_long_grid, alex1729_snake_entry_snake, uniq_amaemon, uniq_urug
Lair:4:   layout_small_grid, slime_entry_1, uniq_sonja
Lair:5:   cheibrodos_lair_end_hotspot, layout_hall_layers, guppyfry_lair_drakes
Swamp:1:  layout_falls_marsh, gammafunk_ghost_cemetery,
          evilmike_swamp_ruin_house_2
Swamp:2:  layout_basic_swamp, nicolae_swamp_stair_fork,
          nicolae_swamp_tree_isthmus
Swamp:3:  layout_basic_swamp, nicolae_swamp_round_clearing,
          nicolae_swamp_decorative_isthmus, infiniplex_staircase_pool,
          nicolae_swamp_long_stream
Swamp:4:  swamp_old_school, layout_basic_swamp, grunt_ruined_hall, uniq_aizul
Snake:1:  layout_basic, nicolae_large_snake_swirl, uniq_agnes
Snake:2:  layout_onion, grunt_megastairs_5
Snake:3:  layout_layer_cave, uniq_jorgrun
Snake:4:  johnstein_snake_rune_scales, layout_cave_pods
Orc:1:    layout_caves, uniq_erica
Orc:2:    st_orc_open, layout_caves, serial_shops, nicolae_shop_waterfront
Elf:1:    nicolae_elf_arrival_aired_out, layout_loops_corners,
          minmay_elf_crystal_hexagon
Vaults:1: nicolae_vaults_sealed_display, nicolae_vaults_house_1,
          v_alt_pattern_3, vaults_room_stairs_pillars, nicolae_vaults_two_Ls,
          nicolae_vaults_storage_closets_2, layout_vaults_omnigrid,
          serial_shops, nicolae_shop_window_shopping, uniq_asterion
Vaults:2: vaults_room_stairs_pillars, ontoclasm_vaults_misaligned, v_rooms_1,
          ontoclasm_vaults_tryst, v_alt_pattern_2, vaults_dpeg_emergency_exit,
          nicolae_vaults_circle_grid_b, v_misc_15, grunt_vaults_hallway_long,
          nicolae_vaults_tangram_1, nicolae_vaults_closet_pinwheel_1,
          nicolae_vaults_asterisk, nicolae_vaults_ring_of_whatevers,
          layout_vaults_chaotic_city
Vaults:3: gammafunk_ghost_door_vault, nicolae_vaults_swerve,
          minmay_crypt_entry_simple_corners, hangedman_vaults_hat,
          grunt_vaults_funnel, nicolae_vaults_stepped_doors,
          nicolae_vaults_three_branches, nicolae_vaults_network_barrier,
          v_rooms_5, nicolae_vaults_trapezoid_lopsided_4,
          nicolae_vaults_little_squares_5, vaults_dpeg_cross,
          ontoclasm_vaults_fault, vaults_room_pool, layout_vaults_omnibox,
          serial_shops, nicolae_shop_just_a_little_nook
Vaults:4: grunt_vaults_diagonal, dpeg_vaults_monster_row, v_pattern_5,
          vaults_room_semicircle, nicolae_vaults_twisting_passages, v_misc_10,
          nicolae_vaults_mini_display_case, grunt_vaults_hallway_long,
          v_misc_26, nicolae_vaults_double_plus_1, layout_vaults_big_cross,
          uniq_xtahua
Vaults:5
Depths:1: layout_basic, gammafunk_ghost_smash, hell_entry,
          rand_demon_pan_entry_8, serial_library_hellmonk_reading_circle,
          drop_trap, nicolae_transmutations_shop, grunt_ministairs_12,
          fountainhead, kennysheep_four_rooms
Depths:2: minmay_central_circle, layout_gridlike, hell_entry,
          patterned_corridor, pan_entry, hellmonk_sif_muna_bookshelves
Depths:3: nicolae_hitomezashi [nicolae_hito_row, nicolae_hito_row,
          nicolae_hito_row, nicolae_hito_row, nicolae_hito_row,
          nicolae_hito_row, nicolae_hito_row, nicolae_hito_row,
          nicolae_hito_row, nicolae_hito_row, nicolae_hito_row,
          nicolae_hito_row, nicolae_hito_row, nicolae_hito_row,
          nicolae_hito_row, nicolae_hito_row, nicolae_hito_row,
          nicolae_hito_row], layout_honeycomb, abyss_entry_small_statue_room,
          serial_shops, shop, lightli_too_deep, nicolae_shop_vocational,
          firewood_loft
Depths:4: grunt_zot_entry_alcove, layout_twisted_cross, enter_ziggurat_a,
          nicolae_kite_square_tiling_tiny, serial_shops,
          nicolae_shop_tiny_glass, hell_entry, grunt_megastairs_1
Zot:1:    ebering_klown_carousel, layout_gridlike
Zot:2:    layout_concentric_octagons
Zot:3:    layout_basic, regret_index_zotdec_wing_it
Zot:4:    layout_basic
Zot:5:    layout_basic

Skill      XL: |  1  2  3  4  5  6  7  8  9 10 11 12 13 14 15 16 17 18 19 20 21 22 23 24 25 26 27 |
---------------+----------------------------------------------------------------------------------+-----
Fighting       | 4 5 6 7 8 10 11 12 13 15 16 17 18 20 21 22 23 24 25 26 | 26.1
Axes           | 4 5 7 8 9 11 13 16 17 18 | 18.6
Armour         | 3 4 5 6 8 9 11 12 14 15 17 18 20 | 20.8
Shields        | 3 4 8 10 12 15 18 21 22 | 22.6
Throwing       | 1 3 7 8 9 15 16 18 19 | 19.9
Evocations     | 5 |  5.0
Stealth        | 5 |  5.2
Dodging        | |  2.0

Action                     |  1- 3 |  4- 6 |  7- 9 | 10-12 | 13-15 | 16-18 | 19-21 | 22-24 | 25-27 || total
---------------------------+-------+-------+-------+-------+-------+-------+-------+-------+-------++-------
  Melee: Hand axe          |   107 |    70 |   301 |       |       |       |       |       |       ||   478
         Punch             |       |     1 |     4 |       |       |       |       |       |       ||     5
         Trident           |       |       |   184 |    92 |    72 |    99 |       |       |       ||   447
         War axe           |       |       |       |   607 |   696 |       |       |       |       ||  1303
         Broad axe         |       |       |       |       |    79 |   831 |  1094 |   839 |  1092 ||  3935
         Morningstar       |       |       |       |       |       |    44 |       |       |       ||    44
  Throw: Dart              |       |       |    10 |    23 |    18 |    43 |    10 |    61 |   114 ||   279
         Boomerang         |       |       |       |       |       |   136 |   207 |    75 |    68 ||   486
         Javelin           |       |       |       |       |       |       |     8 |     5 |    36 ||    49
 Invoke: Trog's Hand       |       |     4 |     1 |     6 |    18 |    21 |    27 |    21 |    24 ||   122
         Berserk           |       |     3 |     5 |     8 |     5 |     9 |     3 |    12 |    21 ||    66
         Brothers in Arms  |       |       |       |       |     7 |     6 |    12 |     4 |     4 ||    33
  Evoke: Wand              |       |       |       |     3 |     2 |    19 |     4 |     3 |     8 ||    39
    Use: Scroll            |       |       |       |     7 |    10 |    10 |     8 |    21 |    14 ||    70
         Potion            |       |       |       |       |     1 |     6 |     3 |     7 |    12 ||    29
   Stab: Sleeping          |     1 |       |       |       |       |       |       |       |       ||     1
         Paralysed         |       |       |       |     1 |       |       |       |       |       ||     1
         Petrified         |       |       |       |       |     3 |       |       |       |       ||     3
         Petrifying        |       |       |       |       |     2 |       |       |       |       ||     2
         Confused          |       |       |       |       |       |     1 |       |       |       ||     1
         Distracted        |       |       |       |       |       |       |     1 |     1 |       ||     2
 Armour: Animal skin       |    28 |       |       |       |       |       |       |       |       ||    28
         Ring mail         |    17 |    51 |    26 |       |       |       |       |       |       ||    94
         Chain mail        |       |       |   322 |   606 |   910 |  1394 |   912 |   366 |       ||  4510
         Gold dragon scale |       |       |       |       |       |       |       |   388 |  1360 ||  1748
  Dodge: Dodged            |    67 |    28 |   195 |   321 |   414 |   602 |   315 |   124 |   227 ||  2293
  Block: Buckler           |       |       |    53 |   188 |   262 |   479 |   127 |       |       ||  1109
         Tower shield      |       |       |       |       |       |       |  1023 |   851 |  1691 ||  3565

Table legend: (Time is in decaauts)
 A = Elapsed time spent in this place.
 B = Non-inter-level travel time spent in this place.
 C = Inter-level travel time spent in this place.
 D = Time resting spent in this place.
 E = Time spent auto-exploring this place.
 F = Levels seen in this place.
 G = Mean time per level.
                   A        B        C        D        E       F      G
               +--------+--------+--------+--------+--------+-----+--------+
         Total |  68668 |  61059 |   7609 |  13599 |  18513 |  47 | 1461.0 |
       Dungeon |  17522 |  14616 |   2906 |   2891 |   6685 |  15 | 1168.1 |
          Lair |   8482 |   7444 |   1038 |   1957 |   2717 |   5 | 1696.4 |
         Swamp |   4624 |   4317 |    307 |    832 |   1184 |   4 | 1156.0 |
     Snake Pit |   6387 |   5701 |    686 |    958 |   1764 |   4 | 1596.8 |
  Orcish Mines |   2721 |   2476 |    245 |   1002 |    644 |   2 | 1360.5 |
   Elven Halls |   1862 |   1788 |     74 |    649 |    609 |   1 | 1862.0 |
        Vaults |   9671 |   8525 |   1146 |   1096 |   2592 |   5 | 1934.2 |
        Depths |   7677 |   6822 |    855 |   1726 |   1081 |   4 | 1919.2 |
           Zot |   9013 |   8665 |    348 |   2442 |   1234 |   5 | 1802.6 |
         Abyss |    375 |    375 |      0 |      0 |      0 |   1 |  375.0 |
        Bailey |    329 |    329 |      0 |     42 |      3 |   1 |  329.0 |
               +--------+--------+--------+--------+--------+-----+--------+

Top non-repeatable levels by time:
  Lair:4: 2962 daAuts
   Zot:4: 2570 daAuts
 Snake:4: 2534 daAuts
Depths:4: 2364 daAuts
Vaults:4: 2286 daAuts
   Zot:5: 2249 daAuts
    D:13: 2163 daAuts
Depths:1: 2142 daAuts
Vaults:5: 2086 daAuts
Vaults:2: 2045 daAuts
 Swamp:4: 2015 daAuts
Depths:2: 1872 daAuts
   Elf:1: 1862 daAuts
  Lair:5: 1718 daAuts
    D:10: 1653 daAuts
